 Dungeon Crawl Stone Soup version 0.22-a0-248-gc8378ba (webtiles) character file.

507 mortelune the Chiller (level 6, 0/41 HPs)
             Began as a Demonspawn Ice Elementalist on Feb 28, 2018.
             Succumbed to a worker ant's poison
             ... on level 4 of the Dungeon.
             The game lasted 00:12:41 (7661 turns).

mortelune the Chiller (Demonspawn Ice Elementalist) Turns: 7661, Time: 00:12:42

Health: 0/41       AC:  3    Str:  9    XL:     6   Next: 97%
Magic:  0/11       EV: 12    Int: 18    God:
Gold:   196        SH:  0    Dex: 13    Spells: 2/12 levels left

rFire    . . .     SeeInvis .   p - staff of cold
rCold    + . .     Gourm    .   (no shield)
rNeg     . . .     Faith    .   a - +0 robe
rPois    .         Spirit   +   q - +0 helmet
rElec    .         Reflect  .   (no cloak)
rCorr    .         Harm     .   (no gloves)
MR       .....                  (no boots)
Stlth    ++........             (no amulet)
HPRegen  0.13/turn              (no ring)
MPRegen  0.12/turn              (no ring)

@: lethally poisoned (0 -> -7)
A: claws 2, magic shield
a: no special abilities


You were on level 4 of the Dungeon.
You were hungry.

You visited 1 branch of the dungeon, and saw 5 of its levels.

You collected 196 gold pieces.

Inventory:

Hand Weapons
 c - a +0 whip
 j - a +0 falchion
Armour
 a - a +0 robe (worn)
 q - a +0 helmet (worn)
Magical Staves
 p - an uncursed staff of cold (weapon)
Jewellery
 o - a cursed ring of loudness {unknown}
Scrolls
 d - a scroll of magic mapping
 e - 2 scrolls of remove curse
 f - a scroll of enchant armour {unknown}
 i - a scroll of fog
 m - a scroll of random uselessness {unknown}
 n - a scroll of teleportation {unknown}
Potions
 g - 2 potions of haste
 h - a potion of resistance
 r - a potion of agility {unknown}
 s - a potion of flight {unknown}
Comestibles
 b - 7 rations


   Skills:
 - Level 1.7 Dodging
 - Level 1.7 Stealth
 + Level 3.9 Spellcasting
 + Level 3.4 Conjurations
 * Level 5.4 Ice Magic


You had 2 spell levels left.
You knew the following spells:

 Your Spells              Type           Power        Failure   Level  Hunger
a - Freeze                Ice            ####         1%          1    None
b - Throw Frost           Conj/Ice       ####..       3%          2    ##.....
c - Ozocubu's Armour      Chrm/Ice       ###.....     14%         3    ###....
d - Summon Ice Beast      Ice/Summ       ###.....     43%         4    ####...


Dungeon Overview and Level Annotations

Branches:
Dungeon (5/15)
 Temple: D:4-7

Altars:
Dithmenos
Ru

Annotations:
D:5 Edmund, Menkaure


Innate Abilities, Weirdness & Mutations

You have very sharp fingernails.
When hurt, damage is shared between your health and your magic reserves.


Message History

Aiming: Freeze (safe; 1% risk of failure)
Press: ? - help, Shift-Dir - straight line, f/p - worker ant
Aim: a worker ant (heavily wounded)
You feel a surge of power!
You freeze the worker ant.
The worker ant is almost dead.
The worker ant bites you!
* * * LOW HITPOINT WARNING * * *
You are lethally poisoned!
The worker ant poisons you! The worker ant misses you.
Casting: Freeze (safe; 1% risk of failure)
Confirm with . or Enter, or press ? or * to list all spells.
You don't have enough magic to cast that spell.
Unknown command.
You hit the worker ant but do no damage.
The worker ant is almost dead.
* * * LOW HITPOINT WARNING * * *
You feel sick.
The worker ant bites you but does no damage.
It was a potion of cancellation.
You feel magically purged.
You die...

#######
#############.....#
............#...@.#
............#..a..#
....##..##.<#.....#
....##..##..#.....#
....##..##..#.....#
........+.[.#.....#
....##..#...#.....#
....##..#####.....#
....##..#.........#


You could see a worker ant.

Vanquished Creatures
  A hound (D:4)
  An orc priest (D:3)
  4 orc wizards
  A worker ant (D:5)
  Natasha (twice) (D:2)
  10 gnolls
  5 adders
  2 oozes
  An adder skeleton (D:2)
  4 worms
  4 dart slugs
  A leopard gecko (D:1)
  13 orcs
  2 ball pythons (D:3)
  5 bats
  2 giant cockroaches
  2 goblins
  6 hobgoblins
  3 quokkas
  4 frilled lizards
  5 kobolds
  11 rats
89 creatures vanquished.

Notes
Turn   | Place    | Note
-------+----------+-------------------------------------------
     0 | D:1      | mortelune the Demonspawn Ice Elementalist began the quest for the Orb.
     0 | D:1      | Reached XP level 1. HP: 13/13 MP: 3/3
   391 | D:1      | Reached skill level 3 in Ice Magic
   391 | D:1      | Gained mutation: You have sharp fingernails. [demonic ancestry]
   391 | D:1      | Reached XP level 2. HP: 19/19 MP: 0/5
   591 | D:1      | Learned a level 2 spell: Throw Frost
  1742 | D:1      | Gained mutation: When hurt, damage is shared between your health and your magic reserves. [demonic ancestry]
  1742 | D:1      | Reached XP level 3. HP: 24/24 MP: 3/6
  1882 | D:1      | Learned a level 3 spell: Ozocubu's Armour
  1945 | D:2      | Found a sacrificial altar of Ru.
  2926 | D:2      | Noticed Natasha
  2930 | D:2      | Killed Natasha
  2930 | D:2      | Reached XP level 4. HP: 23/30 MP: 3/8
  3123 | D:2      | Reached skill level 4 in Ice Magic
  3390 | D:2      | Noticed Natasha
  3400 | D:2      | Killed Natasha
  3400 | D:2      | Gained mutation: You have very sharp fingernails. [demonic ancestry]
  3400 | D:2      | Reached XP level 5. HP: 25/35 MP: 1/9
  5387 | D:3      | Learned a level 4 spell: Summon Ice Beast
  5498 | D:3      | Reached XP level 6. HP: 25/41 MP: 0/11
  6130 | D:3      | Reached skill level 5 in Ice Magic
  6541 | D:4      | Found a shadowy altar of Dithmenos.
  7404 | D:5      | Entered Level 5 of the Dungeon
  7410 | D:5      | Noticed Edmund
  7433 | D:5      | Noticed Menkaure
  7659 | D:4      | HP: 2/41 [worker ant (7)]
  7661 | D:4      | Succumbed to a worker ant's poison

Vault maps used:
D:1:      dpeg_arrival_simpleton_b
D:2:      nicolae_ru_awakened_eye, uniq_natasha
D:4:      grunt_dithmenos_smoke_and_mirrors
D:5:      first_ration, serial_shops, kennysheep_little_box,
          minmay_misc_feat_square, uniq_menkaure, uniq_edmund, uniq_sigmund

Skill      XL: |  1  2  3  4  5  6 |
---------------+-------------------+-----
Ice Magic      | 3 4 5 |  5.4
Conjurations   | 2 3 |  3.4
Spellcasting   | 3 |  3.9
Dodging        | |  1.7
Stealth        | |  1.7

Action                   |  1- 3 |  4- 6 || total
-------------------------+-------+-------++-------
Melee: Unarmed           |     7 |       ||     7
       Whip              |     8 |       ||     8
       Falchion          |       |     8 ||     8
       Staff             |       |    13 ||    13
 Cast: Freeze            |    59 |   100 ||   159
       Throw Frost       |     5 |    26 ||    31
       Ozocubu's Armour  |     1 |     3 ||     4
  Use: Scroll            |       |     5 ||     5
       Potion            |       |     2 ||     2
  Eat: Chunk             |     7 |    15 ||    22
Armor: Robe              |     7 |    20 ||    27
Dodge: Dodged            |    40 |    66 ||   106
       Rpst.: Falchion   |       |     6 ||     6

Table legend:
 A = Spawn XP
 B = Non-spawn XP
 C = Spawn XP percentage of total XP
 D = Spawn monster count
 E = Non-spawn monster count
 F = Spawn count percentage of total count
 G = Total turns spent on level
                    A         B        C        D         E        F      G
               +---------+---------+-------+---------+---------+-------+---------
         Total |       0 |     725 |   0.0 |       0 |      89 |   0.0 |  7661
               +---------+---------+-------+---------+---------+-------+---------
           D:1 |       0 |      44 |   0.0 |       0 |      23 |   0.0 |  1975
           D:2 |       0 |     186 |   0.0 |       0 |      21 |   0.0 |  1914
           D:3 |       0 |     295 |   0.0 |       0 |      31 |   0.0 |  2320
           D:4 |       0 |     164 |   0.0 |       0 |      13 |   0.0 |  1397
           D:5 |       0 |      36 |   0.0 |       0 |       1 |   0.0 |    55
               +---------+---------+-------+---------+---------+-------+---------
